 Dungeon Crawl Stone Soup version 0.28-a0-932-g843f935a50 (webtiles) character file.

Game seed: 12802684473613008076

250 Glokmah the Conjurer (level 6, -3/46 HPs)
             Began as a Merfolk Conjurer on Nov 27, 2021.
             Slain by a bullfrog (7 damage)
             ... in a sewer.
             The game lasted 00:07:00 (3699 turns).

Glokmah the Conjurer (Merfolk Conjurer)             Turns: 3699, Time: 00:07:00

Health: -3/46      AC:  2    Str:  7    XL:     6   Next: 13%
Magic:  0/10       EV: 12    Int: 20    God:
Gold:   35         SH:  0    Dex: 12    Spells: 4/11 levels left

rFire   . . .      SeeInvis .   b - +2 short sword (spect)
rCold   . . .      Faith    .   (no shield)
rNeg    . . .      Spirit   .   a - +0 robe
rPois   .          Reflect  .   (no helmet)
rElec   .          Harm     .   g - scarf {+Inv}
rCorr   .          Rampage  .   (no gloves)
Will    .....                   (no boots)
Stlth   ++........              (no amulet)
HPRegen 0.15/turn               (no ring)
MPRegen 0.12/turn               (no ring)

@: no status effects
A: (nimble swimmer 2), mertail
a: Evoke Invisibility


You were in a sewer.
You visited 1 branch of the dungeon, and saw 3 of its levels.
You also visited: Sewer.

You collected 35 gold pieces.

Inventory:

Hand Weapons
 b - a +2 spectral short sword (weapon)
Missiles
 i - 6 boomerangs
Armour
 a - a +0 robe (worn)
 g - a scarf of invisibility (worn)
Scrolls
 d - a scroll of fog
 e - a scroll of teleportation
 h - a scroll of fear
 k - a scroll of acquirement
Potions
 c - a potion of heal wounds
 f - a potion of invisibility {unknown}
 j - a potion of mutation {unknown}
 l - a potion of cancellation
 m - a potion of magic {unknown}
 n - a potion of might {unknown}


   Skills:
 + Level 2.4 Fighting
 - Level 3.2 Dodging
 - Level 2.1 Stealth
 + Level 3.0 Spellcasting
 * Level 4.4 Conjurations
 + Level 1.3 Hexes
 + Level 1.8 Evocations


You had 4 spell levels left.
You knew the following spells:

 Your Spells              Type           Power      Damage    Failure   Level
a - Magic Dart            Conj           80%        1d7       2%          1
b - Searing Ray           Conj           40%        2d5       3%          2
c - Fulminant Prism       Conj/Hex       7%         3d7       41%         4

Your spell library contained the following spells:

 Spells                   Type           Power      Damage    Failure   Level
 Dazzling Flash           Conj/Hex       28%        N/A       13%         3
 Iskenderun's Mystic Bla  Conj/Tloc      11%        2d4       50%         4


Dungeon Overview and Level Annotations

Branches:
Dungeon (3/15)              Sewer (1/1)

Altars:


Innate Abilities, Weirdness & Mutations

((You are quick and stealthy near water. (Stealth+, EV+, Speed+++)))
Your lower body shifts to a powerful aquatic tail in water.


Message History

Aim: a ball python (water, 75% to hit)
The searing ray hits the bullfrog!
The bullfrog is severely wounded.
The searing ray misses the bullfrog.
The searing ray misses the ball python. (Press . to maintain the ray.)
The bullfrog hits you. The bullfrog barely misses you. The bullfrog hits you.
The searing ray misses the bullfrog.
The searing ray hits the ball python.
The ball python is severely wounded.
The bullfrog hits you. The bullfrog closely misses you. x2
The ball python closely misses you. The ball python grabs you.
The ball python constricts you.
The searing ray hits the ball python.
You kill the ball python!
The bullfrog barely misses you. The bullfrog closely misses you.
The bullfrog hits you but does no damage.
Without enough magic to sustain it, your searing ray dissipates.
The bullfrog hits you.
The bullfrog hits you but does no damage. x2
You hit the bullfrog.
The bullfrog is severely wounded.
Your +2 spectral short sword hits the bullfrog!
You kill the bullfrog!
The bullfrog hits you.
* * * LOW HITPOINT WARNING * * *
The bullfrog misses you.
Your Spellcasting skill increases to level 3!
You have reached level 6!
Your experience leads to an increase in your attributes!
Increase (S)trength, (I)ntelligence, or (D)exterity?
You feel clever.
You hit the bullfrog.
The bullfrog is almost dead.
Your +2 spectral short sword misses the bullfrog.
The bullfrog hits you.
* * * LOW HITPOINT WARNING * * *
The bullfrog hits you.
* * * LOW HITPOINT WARNING * * *
The frilled lizard misses you. The bullfrog hits you!
You die...

#≈≈#≈≈≈# #≈.[)≈.#
#≈#≈≈≈≈# #≈≈.≈.≈#
#≈≈≈≈≈≈# #≈≈≈≈≈≈#
#≈≈≈≈†≈# #≈≈≈≈≈≈#
#≈≈≈≈§≈# #≈≈†≈≈≈#
#≈≈≈≈l≈# #≈≈≈≈†≈#
#≈≈≈≈≈≈##### #≈≈≈≈≈≈#
#.≈..F###..# ##≈†.≈.#
#.....@##..###†...†.#
##......##'##.††...##
#.........#.†.....#
##...............##
####.........####
####...#### #####


You could see a bullfrog and a frilled lizard.

Vanquished Creatures
  A bullfrog (Sewer)
  8 adders
  2 river rats (Sewer)
  A worm (D:2)
  A dart slug (D:1)
  2 endoplasms (D:1)
  4 giant cockroaches
  4 goblins
  5 hobgoblins
  3 jackals (D:2)
  7 quokkas
  12 ball pythons
  4 bats
  4 frilled lizards
  9 kobolds
  33 rats
100 creatures vanquished.

Vanquished Creatures (others)
  26 plants
26 creatures vanquished.

Grand Total: 126 creatures vanquished

Notes
Turn   | Place    | Note
-------+----------+-------------------------------------------
     0 | D:1      | Glokmah the Merfolk Conjurer began the quest for the Orb.
     0 | D:1      | Reached XP level 1. HP: 13/13 MP: 3/3
   246 | D:1      | Reached XP level 2. HP: 20/20 MP: 0/5
   249 | D:1      | Learned a level 2 spell: Searing Ray
   864 | D:1      | Found a faded altar of an unknown god.
   939 | D:1      | Reached skill level 1 in Fighting
  1042 | D:1      | Reached XP level 3. HP: 25/26 MP: 1/6
  2495 | D:2      | Reached XP level 4. HP: 32/32 MP: 4/7
  2773 | D:3      | Reached skill level 1 in Evocations
  2783 | D:3      | Found a glowing drain.
  2787 | Sewer    | Entered a sewer
  3075 | Sewer    | Learned a level 4 spell: Fulminant Prism
  3226 | Sewer    | Reached skill level 4 in Conjurations
  3251 | Sewer    | Reached XP level 5. HP: 31/38 MP: 2/9
  3678 | Sewer    | Reached skill level 1 in Hexes
  3695 | Sewer    | Reached XP level 6. HP: 12/46 MP: 0/10
  3699 | Sewer    | Slain by a bullfrog

Illustrated notes

Levels and vault maps discovered:
D:1:      psy_arrival_radial01, layout_basic,
          shapermc_ecumenical_altar_mp_vishouse, serial_bayou_lagoon_a,
          hangedman_abyss_or_decor_stabs
D:2:      layout_loops_ring, chequers_serial_rivers_marsh, serial_bayou_lake_a
D:3:      layout_loops_ring, tso_metal_star, gup_sewer_entry_spiral,
          minmay_statues_item, bh_walls_and_bars
Sewer:    sewer_minmay_w

Skill      XL: |  1  2  3  4  5 |
---------------+----------------+-----
Dodging        | 3 |  3.2
Fighting       | 1 2 |  2.4
Evocations     | 1 |  1.8
Conjurations   | 4 |  4.4
Hexes          | 1 |  1.3
Spellcasting   | 3 |  3.0
Stealth        | |  2.1

Action                   |  1- 3 |  4- 6 || total
-------------------------+-------+-------++-------
Melee: Unarmed           |     3 |       ||     3
       Short sword       |    27 |    78 ||   105
       Tailslap          |       |     2 ||     2
 Cast: Magic Dart        |    57 |    40 ||    97
       Searing Ray       |     6 |     6 ||    12
  Use: Scroll            |       |    10 ||    10
 Stab: Sleeping          |     2 |     2 ||     4
       Distracted        |       |     1 ||     1
Armor: Robe              |     4 |    18 ||    22
Dodge: Dodged            |    28 |    80 ||   108

Table legend: (Time is in decaauts)
 A = Elapsed time spent in this place.
 B = Non-inter-level travel time spent in this place.
 C = Inter-level travel time spent in this place.
 D = Time resting spent in this place.
 E = Time spent auto-exploring this place.
 F = Levels seen in this place.
 G = Mean time per level.
                   A        B        C        D        E       F      G
               +--------+--------+--------+--------+--------+-----+--------+
         Total |   3610 |   3500 |    110 |    735 |   2066 |   4 |  902.5 |
       Dungeon |   2739 |   2629 |    110 |    269 |   1853 |   3 |  913.0 |
         Sewer |    871 |    871 |      0 |    466 |    212 |   1 |  871.0 |
               +--------+--------+--------+--------+--------+-----+--------+

Top non-repeatable levels by time:
     D:1: 1391 daAuts
     D:2: 1222 daAuts
   Sewer: 871 daAuts
     D:3: 124 daAuts
